 Dungeon Crawl Stone Soup version 0.30.1-11-g7821555f0a (webtiles) character file.

Game seed: 13341419691020849377

497 Unglued128 the Grave Robber (level 7, -15/51 HPs)
             Began as a Gnoll Necromancer on Nov 15, 2023.
             Demolished by an ogre
             ... wielding a +0 giant club
              (25 damage)
             ... on level 5 of the Dungeon.
             The game lasted 00:37:24 (3781 turns).

Unglued128 the Grave Robber (Gnoll Necromancer)     Turns: 3781, Time: 00:37:25

Health: -15/51     AC: 11    Str: 10    XL:     7   Next: 16%
Magic:  11/15      EV: 12    Int: 16    God:
Gold:   262        SH:  0    Dex: 15    Spells: 13/17 levels left

rFire   . . .        l - staff of air
rCold   . . .        (no shield)
rNeg    . . .        m - +2 ring mail "Etuofrun" {Str+3 Dex+2}
rPois   .            (no helmet)
rElec   +            (no cloak)
rCorr   .            (no gloves)
SInv    +            (no boots)
Will    .....        (no amulet)
Stlth   ++           s - ring of see invisible
HPRegen 0.28/turn    i - +4 ring of protection
MPRegen 0.14/turn

%: no passive effects
@: no status effects
A: fangs 1, strong nose, distributed training
a: no special abilities


You were on level 5 of the Dungeon.
You visited 1 branch of the dungeon, and saw 5 of its levels.

You collected 262 gold pieces.

Inventory:

Hand Weapons
 e - a +1 whip
Missiles
 h - 4 poisoned darts (quivered)
 q - a boomerang of dispersal
Armour
 a - a +1 robe
 m - the +2 ring mail "Etuofrun" (worn) {Str+3 Dex+2}
   (You found it on level 3 of the Dungeon)

   Str:       It affects your strength (+3).
   Dex:       It affects your dexterity (+2).
Magical Staves
 l - a staff of air (weapon)
Jewellery
 i - a +4 ring of protection (right hand)
 s - a ring of see invisible (left hand)
Scrolls
 k - a scroll of enchant armour
 n - a scroll of vulnerability
 o - a scroll of teleportation
 p - a scroll of amnesia
Potions
 b - 2 potions of magic
 c - a potion of mutation
 d - 3 potions of heal wounds
 f - 5 potions of curing
 g - a potion of invisibility {unknown}
 j - 3 potions of berserk rage
 r - 2 potions of brilliance {unknown}
 v - a potion of cancellation {unknown}


   Skills:
 + Level 2.4 Fighting
 + Level 2.4 Short Blades
 + Level 2.4 Long Blades
 + Level 2.4 Axes
 + Level 2.4 Maces & Flails
 + Level 2.4 Polearms
 + Level 2.4 Staves
 + Level 2.4 Ranged Weapons
 + Level 2.4 Throwing
 + Level 2.4 Armour
 + Level 5.2 Dodging
 + Level 4.8 Stealth
 + Level 2.4 Shields
 + Level 2.4 Unarmed Combat
 + Level 5.6 Spellcasting
 + Level 2.0 Conjurations
 + Level 2.0 Hexes
 + Level 2.0 Summonings
 + Level 7.4 Necromancy
 + Level 2.0 Translocations
 + Level 2.0 Transmutations
 + Level 2.0 Fire Magic
 + Level 2.0 Ice Magic
 + Level 2.0 Air Magic
 + Level 2.0 Earth Magic
 + Level 2.0 Poison Magic
 + Level 2.6 Invocations
 + Level 2.4 Evocations


You had 13 spell levels left.
You knew the following spells:

 Your Spells              Type           Power      Damage    Failure   Level
a - Necrotise             Necr           100%       1d9       1%          1
b - Vampiric Draining     Necr           28%        2d8       4%          3

Your spell library contained the following spells:

 Spells                   Type           Power      Damage    Failure   Level
 Cigotuvi's Dreadful Rot  Necr/Pois/Air  48%        N/A       11%         2
 Animate Dead             Necr           28%        N/A       17%         4
 Blink                    Tloc           20%        N/A       24%         2
 Ensorcelled Hibernation  Hex/Ice        20%        N/A       24%         2
 Ignite Poison            Fire/Tmut/Pois 10%        N/A       43%         3
 Spider Form              Tmut/Pois      10%        N/A       43%         3
 Agony                    Necr           28%        N/A       43%         5
 Anguish                  Hex/Necr       9%         N/A       45%         4
 Manifold Assault         Tloc           10%        N/A       83%         4
 Freezing Cloud           Conj/Ice/Air   8%         6-21      99%         5
 Storm Form               Tmut/Air       8%         N/A       100%        7


Dungeon Overview and Level Annotations

Branches:
Dungeon (5/15)
 Temple: D:4-7

Altars:
Okawaru

Annotations:
D:4 3 runed translucent doors, safid's ghost, amateur MfIE


Innate Abilities, Weirdness & Mutations

You have very sharp teeth.
Your uncanny sense of smell can sniff out nearby items.
Your experience applies equally to all skills.


Message History

Your Poison Magic skill increases to level 2!
You start resting.
Your iguana skeleton crumbles into dust!
Magic restored.
You start resting.
HP restored.
You climb downwards.
The jelly hits you.
You are splashed with acid!
The ogre closely misses you. The jelly closely misses you.
There is a stone staircase leading up here.
Casting: Necrotise (safe; 1% risk of failure)
Confirm with . or Enter, or press ? or * to list all spells.
Aiming: Necrotise (safe; 1% risk of failure)
Press: ? - help, Shift-Dir - straight line, f - ogre
Aim: an ogre, wielding a +0 giant club (chance to affect: 83%)
The ogre writhes in agony.
The jelly hits you but does no damage. x2
The ogre hits you with a +0 giant club.
Casting: Necrotise (safe; 1% risk of failure)
Confirm with . or Enter, or press ? or * to list all spells.
Aiming: Necrotise (safe; 1% risk of failure)
Press: ? - help, Shift-Dir - straight line, f/p - ogre
Aim: an ogre, wielding a +0 giant club (lightly wounded, chance to affect: 83%)
The ogre writhes in agony!
The jelly hits you but does no damage. The jelly completely misses you.
Casting: Necrotise (safe; 1% risk of failure)
Confirm with . or Enter, or press ? or * to list all spells.
Aiming: Necrotise (safe; 1% risk of failure)
Press: ? - help, Shift-Dir - straight line, f/p - ogre
Aim: an ogre, wielding a +0 giant club (heavily wounded, chance to affect: 83%)
The ogre writhes in agony.
The jelly hits you but does no damage. The ogre hits you with a +0 giant club!
The jelly hits you but does no damage.
Casting: Necrotise (safe; 1% risk of failure)
Confirm with . or Enter, or press ? or * to list all spells.
Aiming: Necrotise (safe; 1% risk of failure)
Press: ? - help, Shift-Dir - straight line, f/p - ogre
Aim: an ogre, wielding a +0 giant club (severely wounded, chance to affect: 83%)
The ogre barely resists.
The jelly hits you.
You are splashed with acid!
* * * LOW HITPOINT WARNING * * *
The jelly misses you.
The ogre hits you with a +0 giant club!!
You die...

#######
##.....##
##.......##
#.........#
#...J.....#
#....@....#
#....OJ...#
#............
#.(.....?.!..
#(##.#.!..#.#
#( .. .##.# #
# .. .. ).
#.# #. ##


You could see an ogre and 2 jellies.

Vanquished Creatures
  A black bear (D:4)
  A scorpion (D:4)
  An orc priest (D:4)
  A hound (D:4)
  An iguana (D:4)
  Natasha (twice) (D:4)
  An orc wizard (D:4)
  A gnoll (D:1)
  3 adders
  4 worms (D:3)
  2 dart slugs (D:1)
  10 orcs
  9 ball pythons
  8 endoplasms
  3 giant cockroaches
  5 goblins
  4 hobgoblins (D:1)
  3 jackals (D:3)
  11 kobolds
  2 quokkas (D:1)
  5 bats
  A frilled lizard (D:3)
  3 rats
82 creatures vanquished.

Vanquished Creatures (collateral kills)
  Natasha (D:4)
  2 adders (D:2)
  A goblin (D:1)
  A kobold (D:4)
  A quokka (D:2)
6 creatures vanquished.

Grand Total: 88 creatures vanquished

Notes
Turn   | Place    | Note
-------+----------+-------------------------------------------
     0 | D:1      | Unglued128 the Gnoll Necromancer began the quest for the
                  | Orb.
     0 | D:1      | Reached XP level 1. HP: 13/13 MP: 6/6
    42 | D:1      | Reached XP level 2. HP: 10/19 MP: 0/7
   270 | D:1      | Reached skill level 5 in Spellcasting
   270 | D:1      | Reached XP level 3. HP: 13/25 MP: 4/9
   434 | D:1      | Reached skill level 1 in Invocations
   746 | D:2      | Reached skill level 1 in Fighting
   746 | D:2      | Reached skill level 1 in Short Blades
   746 | D:2      | Reached skill level 1 in Long Blades
   746 | D:2      | Reached skill level 1 in Axes
   746 | D:2      | Reached skill level 1 in Maces & Flails
   746 | D:2      | Reached skill level 1 in Polearms
   746 | D:2      | Reached skill level 1 in Staves
   746 | D:2      | Reached skill level 1 in Ranged Weapons
   746 | D:2      | Reached skill level 1 in Throwing
   746 | D:2      | Reached skill level 1 in Armour
   746 | D:2      | Reached skill level 1 in Shields
   746 | D:2      | Reached skill level 1 in Unarmed Combat
   746 | D:2      | Reached skill level 1 in Evocations
   882 | D:2      | Reached XP level 4. HP: 32/32 MP: 7/11
  1292 | D:3      | Reached skill level 1 in Conjurations
  1292 | D:3      | Reached skill level 1 in Hexes
  1292 | D:3      | Reached skill level 1 in Summonings
  1292 | D:3      | Reached skill level 1 in Translocations
  1292 | D:3      | Reached skill level 1 in Transmutations
  1292 | D:3      | Reached skill level 1 in Fire Magic
  1292 | D:3      | Reached skill level 1 in Ice Magic
  1292 | D:3      | Reached skill level 1 in Air Magic
  1292 | D:3      | Reached skill level 1 in Earth Magic
  1292 | D:3      | Reached skill level 1 in Poison Magic
  1295 | D:3      | HP: 1/32 [worm (8)]
  1689 | D:3      | Identified the +2 ring mail "Etuofrun" {Str+3 Dex+2}
  1944 | D:3      | Reached XP level 5. HP: 34/37 MP: 12/12
  2021 | D:3      | Learned a level 3 spell: Vampiric Draining
  2529 | D:4      | Found a runed translucent gate.
  2529 | D:4      | Found a runed translucent gate.
  2529 | D:4      | Found a runed translucent gate.
  2531 | D:4      | Noticed a kobold brigand
  2533 | D:4      | Noticed safid's ghost (amateur MfIE)
  2595 | D:4      | Noticed a black bear
  2649 | D:4      | Found an iron altar of Okawaru.
  2911 | D:4      | Reached XP level 6. HP: 36/44 MP: 7/14
  3058 | D:4      | Reached skill level 5 in Dodging
  3122 | D:4      | Killed a black bear
  3373 | D:4      | Noticed Natasha
  3381 | D:4      | Killed Natasha
  3474 | D:4      | Noticed Natasha
  3481 | D:4      | Killed Natasha
  3482 | D:4      | Reached XP level 7. HP: 50/50 MP: 12/15
  3498 | D:4      | Noticed Natasha
  3504 | D:4      | Killed Natasha
  3672 | D:5      | Entered Level 5 of the Dungeon
  3781 | D:5      | Demolished by an ogre

Illustrated notes

Levels and vault maps discovered:
D:1:      scummos_arrival_star, layout_basic
D:2:      layout_rooms, minmay_heptomino_o4
D:3:      layout_loops_corners, grunt_decor_one_mirror, nicolae_wormholes
D:4:      layout_basic, mainiacjoe_overflow_six_doors_small,
          gammafunk_ghost_nasty_kobolds, corner_web_ring, uniq_natasha
D:5:      layout_rooms, mainiacjoe_overflow_big_doors,
          minmay_temple_entry_ruins, corexii_item_surrounded_by_moat

Skill      XL: |  1  2  3  4  5  6  7 |
---------------+----------------------+-----
Spellcasting   | 5 |  5.6
Invocations    | 1 2 |  2.6
Fighting       | 1 2 |  2.4
Short Blades   | 1 2 |  2.4
Long Blades    | 1 2 |  2.4
Axes           | 1 2 |  2.4
Maces & Flails | 1 2 |  2.4
Polearms       | 1 2 |  2.4
Staves         | 1 2 |  2.4
Ranged Weapons | 1 2 |  2.4
Throwing       | 1 2 |  2.4
Armour         | 1 2 |  2.4
Shields        | 1 2 |  2.4
Unarmed Combat | 1 2 |  2.4
Evocations     | 1 2 |  2.4
Conjurations   | 1 2 |  2.0
Hexes          | 1 2 |  2.0
Summonings     | 1 2 |  2.0
Translocations | 1 2 |  2.0
Transmutations | 1 2 |  2.0
Fire Magic     | 1 2 |  2.0
Ice Magic      | 1 2 |  2.0
Air Magic      | 1 2 |  2.0
Earth Magic    | 1 2 |  2.0
Poison Magic   | 1 2 |  2.0
Dodging        | 5 |  5.2
Stealth        | |  4.8
Necromancy     | |  7.4

Action                     |  1- 3 |  4- 6 |  7- 9 || total
---------------------------+-------+-------+-------++-------
  Melee: Unarmed           |    11 |       |       ||    11
         Whip              |     9 |       |       ||     9
         Staff             |       |    47 |    18 ||    65
         Bite              |       |     5 |     4 ||     9
         Punch             |       |     1 |     1 ||     2
  Throw: Dart              |       |    28 |     5 ||    33
         Boomerang         |       |     2 |       ||     2
   Cast: Necrotise         |    39 |   103 |     9 ||   151
         Vampiric Draining |       |     3 |       ||     3
    Use: Scroll            |     2 |     4 |     4 ||    10
   Stab: Distracted        |     1 |       |       ||     1
         Sleeping          |     1 |     2 |       ||     3
 Armour: Robe              |     3 |     2 |       ||     5
         Ring mail         |       |    29 |    13 ||    42
  Dodge: Dodged            |    23 |    49 |    15 ||    87
